Map: [TLMC19] El Dorado

Players

LiquidCure (Cure) - Winner!

  • Race: Terran Terran
  • Spawn Location: 5:00

Spirit (souL)

  • Race: Terran Terran
  • Spawn Location: 7:00

VOD

Have the link to the VOD?

Description

Time

  • Played on: Dec. 23, 2023, 7:17 a.m.
  • Length: 12:57
Show
View Real Time Build Order
Export as new Build Order

LiquidCure Terran - Winner!

Build Orders: Reaper Expand 

Get SALT Encoding   

  12  0:00  SCV  
  13  0:12  SCV  
  14  0:17  Supply Depot  
  14  0:24  SCV  
  15  0:39  SCV  
  15  0:40  Barracks  
  16  0:45  Refinery  
  16  0:51  SCV  
  17  1:03  SCV  
  18  1:15  SCV  
  19  1:27  Orbital Command  
  19  1:28  Reaper  
  20  1:43  Command Center  
  20  1:53  SCV  
  21  1:59  Supply Depot  
  21  2:00  Reaper  
  22  2:05  SCV  
  23  2:20  SCV  
  24  2:24  Factory  
  24  2:32  SCV  
  25  2:42  Barracks Reactor  
  25  2:45  SCV  
  25  2:48  Command Center  
  26  2:52  Refinery  
  26  2:57  Orbital Command  
  26  3:03  SCV  
  27  3:10  Hellion  
  29  3:16  SCV  
  29  3:18  Starport  
  28  3:28  SCV x2  
  27  3:40  SCV x2, Cyclone  
  31  3:43  Hellion  
  33  3:52  SCV x2  
  33  3:55  Medivac  
  37  3:59  Refinery  
  37  4:04  SCV x2  
  37  4:07  Cyclone  
  37  4:09  Orbital Command  
  41  4:14  Cyclone  
  43  4:18  SCV x2  
  45  4:30  SCV x2  
  47  4:33  Liberator  
  47  4:35  SCV  
  47  4:38  Barracks Tech Lab  
  51  4:41  Supply Depot  
  51  4:42  SCV x2  
  51  4:43  Cyclone  
  55  4:49  Cyclone  
  57  4:54  SCV x3  
  60  5:00  Marine  
  60  5:06  SCV x2  
  60  5:07  SCV  
  64  5:10  Supply Depot  
  64  5:11  Supply Depot  
  64  5:15  Cyclone  
  64  5:18  SCV  
  64  5:19  SCV x2  
  69  5:28  Supply Depot, Stimpack  
  69  5:31  SCV x2, Marine, Cyclone, Liberator  
  69  5:32  SCV  
  76  5:43  SCV x2  
  76  5:49  Marine, Cyclone, Barracks  
  81  5:52  SCV  
  81  5:53  Barracks  
  81  5:55  SCV  
  81  5:56  SCV  
  84  6:04  Cyclone  
  84  6:06  Engineering Bay  
  84  6:07  Marine, Refinery  
  85  6:15  SCV x2  
  85  6:17  Supply Depot, Engineering Bay  
  85  6:21  Cyclone  
  85  6:22  Starport Reactor  
  85  6:24  Marine  
  85  6:25  Orbital Command  
  88  6:27  SCV  
  88  6:28  SCV  
  90  6:37  Barracks Reactor  
  90  6:38  Barracks  
  90  6:39  Terran Infantry Weapons Level 1, Cyclone, SCV  
  90  6:40  SCV, Barracks  
  90  6:46  Marine  
  93  6:47  Barracks Reactor  
  93  6:52  SCV x2  
  94  7:00  SCV  
  93  7:04  SCV x2, Marine  
  93  7:06  Medivac x2  
  93  7:07  Combat Shield  
  93  7:08  Terran Infantry Armor Level 1  
  98  7:12  SCV  
  98  7:13  Marine  
  100  7:16  SCV x2, Cyclone  
  100  7:17  Supply Depot  
  100  7:20  Supply Depot, Cyclone  
  100  7:22  Marine x2  
  105  7:24  SCV  
  105  7:28  SCV, Barracks Reactor  
  105  7:29  Marine x2, Barracks Reactor  
  109  7:34  Supply Depot  
  109  7:36  Armory  
  109  7:38  Marine, Refinery  
  109  7:39  Marine, Refinery  
  109  7:40  Marine  
  112  7:47  Marine x2, Medivac  
  116  7:56  Marine  
  116  7:57  Marine  
  116  7:58  Marine  
  110  8:03  Cyclone  
  110  8:04  Cyclone, Marine, Medivac  
  110  8:05  Marine  
  116  8:08  SCV x3  
  116  8:10  Marine x4  
  119  8:14  Marine  
  119  8:15  Marine  
  119  8:16  Marine  
  122  8:21  Medivac  
  122  8:22  Marine x2  
  126  8:28  Marine x4  
  126  8:32  Marine  
  126  8:33  Marine x2  
  133  8:35  Terran Infantry Weapons Level 2  
  133  8:38  Supply Depot x2  
  133  8:43  Marine x2, Medivac  
  133  8:45  Marine x2  
  133  8:46  Marine x2  
  139  8:50  Marine  
  139  8:51  Marine  
  141  8:57  Supply Depot x2  
  141  8:59  Marine, Cyclone x2  
  141  9:01  Marine x2, Medivac  
  150  9:03  Marine x4  
  150  9:07  Marine  
  150  9:09  Marine  
  151  9:17  Marine  
  151  9:19  SCV, Marine x2  
  151  9:20  SCV x2  
  151  9:21  Marine x4  
  139  9:25  Marine  
  139  9:26  Marine  
  137  9:33  Cyclone x2  
  137  9:34  Marine  
  137  9:36  Marine x2, Medivac  
  146  9:39  Marine x2, Terran Infantry Armor Level 2  
  148  9:45  Marine x4  
  148  9:52  Marine  
  152  9:54  Marine x2  
  152  9:55  Medivac  
  152  9:57  Marine x2  
  159  10:03  Marine x4  
  159  10:05  Widow Mine x2  
  162  10:10  Marine  
  162  10:12  Marine x2  
  155  10:14  Marine x2  
  155  10:21  Marine x4  
  146  10:26  Medivac x2  
  146  10:27  Widow Mine x2  
  146  10:28  Marine  
  154  10:30  Marine x2  
  154  10:32  Marine x2  
  143  10:39  Marine x4  
  147  10:46  Marine, Sensor Tower  
  147  10:47  Missile Turret  
  147  10:48  Marine x2  
  150  10:50  Marine x2  
  150  10:52  Widow Mine x2  
  150  10:57  Marine x4  
  156  11:04  Marine  
  161  11:05  Marine x2  
  161  11:08  Marine x2  
  165  11:14  Marine x4  
  169  11:19  Widow Mine x2  
  173  11:35  Marine x2  
  173  11:36  Marine x2  
  173  11:37  Marine  
  173  11:38  Marine x2  
  173  11:39  Marine x2  
  158  11:57  Command Center  
  158  11:59  Marine  
  158  12:09  Marine x8  
  158  12:10  Widow Mine x2  
  130  12:17  Marine  
  131  12:22  Orbital Command  
  131  12:27  Marine x8  
  139  12:35  Marine  
Show
View Real Time Build Order
Export as new Build Order

Spirit Terran 

Build Orders: Reaper Expand 

Get SALT Encoding   

  12  0:01  SCV  
  13  0:13  SCV  
  14  0:18  Supply Depot  
  14  0:25  SCV  
  15  0:39  SCV  
  15  0:41  Barracks  
  16  0:46  Refinery  
  16  0:51  SCV  
  17  1:03  SCV  
  18  1:15  SCV  
  19  1:28  Orbital Command  
  19  1:29  Reaper  
  20  1:43  Command Center  
  20  1:52  Supply Depot  
  20  1:57  SCV  
  20  2:01  Reaper  
  22  2:09  SCV  
  23  2:21  SCV  
  24  2:26  Command Center  
  24  2:32  Marine  
  24  2:33  SCV  
  26  2:41  Factory  
  26  2:45  SCV  
  27  2:53  Barracks Reactor  
  27  2:57  Orbital Command  
  27  2:58  SCV  
  27  3:03  Refinery  
  28  3:10  SCV  
  29  3:25  Cyclone  
  31  3:29  Marine  
  31  3:30  SCV  
  31  3:31  SCV, Marine  
  34  3:39  Starport  
  34  3:40  Orbital Command  
  33  3:42  SCV  
  33  3:43  SCV  
  33  3:47  Marine  
  36  3:50  Marine  
  36  3:55  SCV x2  
  38  3:59  Cyclone  
  41  4:05  Marine  
  41  4:07  SCV  
  41  4:08  SCV x2, Marine  
  46  4:13  Supply Depot  
  46  4:16  Starport Tech Lab  
  46  4:19  SCV  
  46  4:22  Barracks  
  46  4:23  SCV, Barracks  
  48  4:25  SCV  
  48  4:26  Refinery  
  48  4:29  Marine x2  
  51  4:31  Factory Tech Lab  
  51  4:35  SCV  
  51  4:36  Raven  
  51  4:37  Interference Matrix  
  54  4:38  Supply Depot  
  54  4:39  SCV  
  54  4:41  SCV  
  56  4:46  Marine  
  56  4:47  SCV, Marine  
  56  4:51  SCV  
  60  4:53  SCV  
  60  4:55  Siege Tank  
  60  4:59  SCV  
  62  5:03  SCV  
  62  5:04  Marine x2  
  65  5:08  SCV  
  65  5:11  Barracks Tech Lab, Engineering Bay  
  65  5:13  Engineering Bay, Refinery, Barracks Reactor  
  65  5:14  SCV  
  67  5:22  Marine x2, Barracks  
  67  5:23  Barracks  
  67  5:27  Raven  
  67  5:28  SCV  
  72  5:30  SCV, Marine  
  72  5:32  SCV  
  75  5:40  Marine x2  
  77  5:45  SCV x2  
  77  5:46  SCV  
  77  5:48  Marine  
  73  5:54  Marine  
  69  5:57  SCV  
  69  5:58  SCV x2, Marine x2  
  69  6:02  Stimpack  
  73  6:05  Marine  
  73  6:09  SCV  
  74  6:12  SCV, Barracks Reactor x2  
  74  6:16  Marine  
  77  6:23  Supply Depot  
  77  6:24  Supply Depot  
  77  6:25  Terran Infantry Weapons Level 1  
  73  6:33  SCV x2  
  73  6:34  Marine  
  73  6:36  Terran Infantry Armor Level 1  
  73  6:38  Marine x3  
  77  6:44  Marine  
  77  6:45  SCV x2  
  80  6:52  Starport Reactor, Marine  
  80  6:54  Marine  
  81  6:55  Siege Tank  
  81  6:56  Marine  
  81  6:57  SCV  
  81  6:58  SCV  
  85  7:02  Marine  
  85  7:03  Marine  
  85  7:07  Marine x2  
  86  7:10  SCV x2  
  86  7:16  Marine x5  
  86  7:22  SCV x2  
  93  7:30  Orbital Command  
  93  7:36  Supply Depot  
  93  7:37  Supply Depot  
  93  7:39  Supply Depot  
  93  7:41  Marine x6  
  93  7:42  Medivac  
  101  7:57  Marine x3  
  101  7:59  SCV, Marine x5, Medivac  
  101  8:00  SCV, Marine  
  107  8:06  SCV  
  107  8:11  SCV, Medivac  
  110  8:12  SCV  
  110  8:15  Marine  
  110  8:18  SCV  
  113  8:20  Marine  
  113  8:21  Combat Shield  
  113  8:25  SCV  
  114  8:28  Marine  
  114  8:31  SCV x2  
  114  8:33  Supply Depot  
  117  8:34  Supply Depot  
  117  8:54  Marine x4, Medivac  
  117  8:55  SCV  
  125  8:56  Siege Tank, Marine x4  
  125  9:00  Marine  
  132  9:03  Supply Depot  
  132  9:05  Supply Depot  
  132  9:06  SCV, Armory  
  132  9:09  SCV  
  132  9:11  SCV  
  133  9:19  Marine x2  
  133  9:20  Medivac  
  133  9:21  Marine  
  131  9:24  Marine x6, Medivac  
  131  9:30  Siege Tank  
  142  9:34  SCV x2  
  142  9:37  Marine x2  
  146  9:39  SCV, Marine  
  148  9:46  SCV  
  149  9:57  Sensor Tower  
  149  9:59  Refinery  
  149  10:00  Refinery  
  149  10:04  Marine  
  149  10:05  Marine x3  
  149  10:06  Marine x2  
  149  10:07  Marine x3  
  149  10:08  Siege Tank  
  108  10:22  Marine x3  
  108  10:23  Marine  
  108  10:24  Marine x3  
  108  10:25  SCV, Marine x2  
  112  10:39  Marine  
  112  10:40  Marine x2  
  112  10:41  Marine  
  112  10:42  Marine  
  115  10:45  Medivac x2  
  115  10:46  Marine x4  
  123  10:52  Factory Tech Lab  
  123  10:57  Marine  
  123  10:58  Marine x2  
  123  10:59  Marine  
  123  11:00  Marine  
  123  11:03  Marine  
  123  11:04  Marine x3  
  132  11:12  Siege Tank  
  132  11:15  Marine  
  132  11:16  Marine  
  132  11:18  Marine  
  138  11:26  Marine  
  138  11:27  Marine  
  138  11:31  Marine x3  
  143  11:33  Marine  
  143  11:39  Marine x2  
  134  11:40  Marine  
  134  11:44  Marine  
  133  11:48  Marine  
  133  11:52  Marine x2  
  133  11:53  Marine  
  130  12:01  Medivac  
  130  12:04  Marine  
  133  12:12  Orbital Command  
  81  12:16  Marine x2  
  85  12:33  Marine  
  86  12:38  Marine  
Tags
 
Add a new tag
Caveats
  • Supply blocks, unpowered buildings, or Contaminate may cause inaccurate times.
  • Supply counts are checked every 10 seconds.